[Event "Turkish Second League 2019"]
[Site "Konya"]
[Date "2019.07.23"]
[Round "2"]
[White "Yildirim, Okan"]
[Black "Abdullahoglu, Diren Can"]
[Result "1-0"]
[ECO "B80"]
[WhiteElo "1657"]
[BlackElo "1889"]
[Annotator "NA"]
[PlyCount "51"]
[EventDate "2019.07.22"]
[EventType "team-tourn"]
[EventCountry "TUR"]
[SourceTitle "playchess.com"]
[Source "ChessBase"]
[SourceQuality "1"]
[TimeControl "5400+30"]

1. e4 c5 2. Nf3 e6 3. d4 cxd4 4. Nxd4 a6 5. Nc3 d6 6. g3 Nf6 7. Bg2 Qc7 8. O-O Bd7 {[%emt 0:07:30] B80: Sicilian Scheveningen: 6 g3 and 6 Be3, including English Attack} 9. f4 Nc6 10. Nb3 Qb6+ $146 ({Predecessor:} 10... Be7 11. Kh1 O-O 12. g4 h6 13. Be3 Rac8 14. h4 d5 15. g5 hxg5 16. hxg5 Nxe4 17. Nxe4 dxe4 18. Bxe4 f5 19. gxf6 Rxf6 20. Rf2 {½-½ (54) Ponomariov,R (2756)-Dubov,D (2624) Tromsoe 2013}) 11. Kh1 h5 12. h3 O-O-O 13. Qe2 Ng4 14. a4 Nd4 15. Qc4+ Nc6 16. a5 Qa7 17. Na4 Ne3 18. Bxe3 Qxe3 19. Nb6+ Kb8 $18 20. Rf3 d5 21. Nxd7+ Rxd7 22. Qxc6 Qxf3 23. Qxd7 Qxg3 24. exd5 Qxf4 25. Qd8+ Ka7 26. Qb6+ 1-0

[Event "Turkish Second League 2019"]
[Site "Konya"]
[Date "2019.07.23"]
[Round "2"]
[White "Ozsayin, Elif"]
[Black "Abdimanoglu, Beste Basak"]
[Result "1/2-1/2"]
[ECO "A49"]
[WhiteElo "1642"]
[BlackElo "1898"]
[Annotator "NA"]
[PlyCount "61"]
[EventDate "2019.07.22"]
[EventType "team-tourn"]
[EventCountry "TUR"]
[SourceTitle "playchess.com"]
[Source "ChessBase"]
[SourceQuality "1"]
[TimeControl "5400+30"]

1. d4 g6 2. Nf3 Bg7 3. g3 d6 4. Bg2 Nf6 5. O-O O-O 6. b3 Nc6 7. Bb2 e6 8. c4 a6 9. Nc3 Rb8 10. Rc1 Nd7 11. e3 Ne7 12. Qc2 f5 13. Rfd1 Nf6 14. c5 d5 15. Ne5 Nc6 16. f4 $14 Ne4 17. Ne2 Qe8 18. a3 Bd7 19. b4 Nxe5 20. dxe5 Ba4 21. Qd3 Bxd1 22. Rxd1 c6 23. Bd4 Ra8 24. a4 Qe7 25. a5 Rad8 26. Bb2 Rfe8 27. Nd4 Ra8 28. Rc1 Qf7 29. Nf3 Qe7 30. Nd4 Qf7 31. Nf3 1/2-1/2

[Event "Turkish Second League 2019"]
[Site "Konya"]
[Date "2019.07.23"]
[Round "2"]
[White "Cetinkaya, Umut Can"]
[Black "Turkmen, Yusuf Cagan"]
[Result "1/2-1/2"]
[ECO "B40"]
[WhiteElo "1639"]
[BlackElo "1796"]
[Annotator "NA"]
[PlyCount "119"]
[EventDate "2019.07.22"]
[EventType "team-tourn"]
[EventCountry "TUR"]
[SourceTitle "playchess.com"]
[Source "ChessBase"]
[SourceQuality "1"]
[TimeControl "5400+30"]

1. e4 c5 2. Nf3 e6 3. c4 Nc6 4. d4 cxd4 5. Nxd4 Nxd4 6. Qxd4 Ne7 7. Nc3 Nc6 8. Qd3 Qc7 9. Nb5 Qb8 10. Be2 Be7 11. O-O a6 12. Nc3 Ne5 13. Qg3 Ng6 14. Qxb8 Rxb8 15. Be3 d6 16. Na4 Bd7 17. Nb6 Bc6 18. f3 a5 19. a3 a4 20. Bd1 Ne5 21. Bxa4 Bxa4 22. Nxa4 Nxc4 23. Bf2 b5 24. Nc3 O-O 25. b3 Ne5 26. Rfd1 Rfc8 27. Rac1 Bg5 28. Rc2 Rc6 29. h4 Bf6 30. Bd4 Rbc8 31. Rcc1 Bxh4 32. f4 Ng6 33. Ne2 Rxc1 34. Rxc1 Rxc1+ 35. Nxc1 Nxf4 36. a4 bxa4 37. bxa4 Bd8 38. Kf2 Kf8 39. g3 Ng6 40. Nb3 Ne7 41. a5 Nc8 42. Ke2 Bc7 43. Kd3 d5 44. exd5 exd5 45. Bc5+ Ke8 46. a6 Bb6 47. Kd4 Kd7 48. Kxd5 Bxc5 49. Kxc5 Kc7 50. Nd4 Na7 51. Nf5 g6 52. Nd6 f5 53. Ne8+ Kb8 54. Nf6 h5 55. Kd6 Nb5+ 56. Ke5 Nc3 57. Kf4 Ne2+ 58. Kf3 Nd4+ 59. Kf4 Nc6 60. Nxh5 1/2-1/2

[Event "Turkish Second League 2019"]
[Site "Konya"]
[Date "2019.07.23"]
[Round "2"]
[White "Ilkbahar, Nimet Seray"]
[Black "Mustu, Hatice Asli"]
[Result "1-0"]
[ECO "B23"]
[WhiteElo "1531"]
[BlackElo "1679"]
[Annotator "NA"]
[PlyCount "81"]
[EventDate "2019.07.22"]
[EventType "team-tourn"]
[EventCountry "TUR"]
[SourceTitle "playchess.com"]
[Source "ChessBase"]
[SourceQuality "1"]
[TimeControl "5400+30"]

1. e4 c5 2. Nc3 a6 3. g3 b5 4. Bg2 Bb7 5. Nge2 e6 6. O-O d6 7. d3 Nf6 8. h3 Qc7 9. Be3 Be7 10. Qd2 O-O 11. f4 d5 12. e5 Nfd7 13. Bf2 Nb6 14. g4 b4 15. Nd1 N8d7 16. c3 a5 17. Ng3 Rac8 18. Re1 Ba6 19. Nh5 g6 20. Ng3 Rfd8 21. Nf1 Bf8 22. Bg3 Bg7 23. Nf2 Re8 24. g5 Nb8 25. Ng4 Red8 26. Nf6+ Kh8 27. Bf2 N6d7 28. h4 Nc6 29. h5 Ne7 30. Re3 Nf5 31. Rh3 Bxf6 32. gxf6 Nf8 33. Qd1 Rb8 34. Ne3 Nxe3 35. Bxe3 bxc3 36. bxc3 d4 37. cxd4 cxd4 38. Bf2 Bb7 39. Rc1 Qd7 40. Qg4 Bxg2 41. Qg5 1-0

[Event "Turkish Second League 2019"]
[Site "Konya"]
[Date "2019.07.23"]
[Round "2"]
[White "Aydemir, Sermin Naz"]
[Black "Kaygisiz, Ilayda"]
[Result "0-1"]
[ECO "A08"]
[WhiteElo "1491"]
[BlackElo "1775"]
[Annotator "NA"]
[PlyCount "140"]
[EventDate "2019.07.22"]
[EventType "team-tourn"]
[EventCountry "TUR"]
[SourceTitle "playchess.com"]
[Source "ChessBase"]
[SourceQuality "1"]
[TimeControl "5400+30"]

1. g3 d5 2. Bg2 Nf6 3. Nf3 c5 4. O-O g6 5. d4 cxd4 6. Nxd4 Bg7 7. Bf4 O-O 8. Nc3 a6 9. Qd2 Re8 10. Nf3 Nc6 11. Ne5 Nh5 12. Nxc6 bxc6 13. Bh6 Bh8 14. Bf3 Ng7 15. e4 d4 16. Ne2 Ne6 17. Rad1 Qb6 18. c3 c5 19. Nc1 Bb7 20. Bg2 Red8 21. Qe2 dxc3 22. bxc3 Bxc3 23. f4 Rxd1 24. Rxd1 Rd8 25. Rf1 Qb2 26. Qf3 f5 27. Ne2 Bd4+ 28. Nxd4 Qxd4+ 29. Qf2 fxe4 30. Qxd4 cxd4 31. f5 Nc5 32. fxg6 hxg6 33. Rc1 Rd5 34. Kf1 Kh7 35. Bd2 Rf5+ 36. Kg1 e3 37. Be1 Bxg2 38. Kxg2 Nd3 39. Rd1 Nxe1+ 40. Rxe1 Rf2+ 41. Kg1 Rxa2 42. h4 e2 43. Kf2 d3 44. Rb1 e5 45. g4 Ra4 46. Ke3 Rxg4 47. Kxd3 Rxh4 48. Kxe2 Ra4 49. Kf3 Kh6 50. Rg1 Kg7 51. Ke3 a5 52. Rc1 Kf6 53. Rf1+ Ke6 54. Rg1 Kf5 55. Rf1+ Rf4 56. Ra1 a4 57. Ra2 g5 58. Rc2 a3 59. Rc8 Ra4 60. Rf8+ Kg4 61. Rf1 a2 62. Ra1 e4 63. Rg1+ Kf5 64. Rf1+ Ke5 65. Ra1 Ra3+ 66. Ke2 g4 67. Kf2 Kf4 68. Ke2 e3 69. Rf1+ Ke4 70. Ra1 g3 0-1

[Event "Turkish Second League 2019"]
[Site "Konya"]
[Date "2019.07.23"]
[Round "2"]
[White "Acar, Ilayda"]
[Black "Nesanir, Selin"]
[Result "1/2-1/2"]
[ECO "B34"]
[WhiteElo "1346"]
[BlackElo "1622"]
[Annotator "NA"]
[PlyCount "117"]
[EventDate "2019.07.22"]
[EventType "team-tourn"]
[EventCountry "TUR"]
[SourceTitle "playchess.com"]
[Source "ChessBase"]
[SourceQuality "1"]
[TimeControl "5400+30"]

1. d4 c5 2. Nf3 cxd4 3. Nxd4 g6 4. e4 Bg7 5. Nc3 Nc6 6. Be3 Nf6 7. Be2 d5 8. exd5 Nxd5 9. Nxd5 Qxd5 10. Nb5 Qe5 11. c3 a6 12. Nd4 Qc7 13. Nxc6 Qxc6 14. Bf3 Qb5 15. Qb3 Qxb3 16. axb3 O-O 17. O-O e5 18. Rfd1 Re8 19. Bd5 Rb8 20. Ba7 Ra8 21. Bc5 Bf8 22. b4 Bxc5 23. bxc5 Rb8 24. b4 Be6 25. c4 Kg7 26. f3 Re7 27. Bxe6 Rxe6 28. Rd6 Kf6 29. Kf2 Rc8 30. Rad1 a5 31. Rxe6+ fxe6 32. bxa5 Rxc5 33. Rb1 Rxa5 34. Rxb7 Rc5 35. Rb4 Ke7 36. Ke3 Kd6 37. Ke4 h6 38. Rb6+ Kd7 39. Rb4 Kd6 40. Ra4 Kc6 41. Ra6+ Kd7 42. Kd3 Ke7 43. Ra7+ Kf6 44. Ra8 Ke7 45. Rh8 h5 46. h4 Ra5 47. g4 hxg4 48. fxg4 Ra1 49. h5 gxh5 50. Rxh5 Rg1 51. Rh7+ Kf6 52. Rh6+ Kf7 53. Rh5 Rxg4 54. Rxe5 Ke7 55. Re4 Rxe4 56. Kxe4 Kd6 57. c5+ Kxc5 58. Ke5 Kc6 59. Kxe6 1/2-1/2

[Event "Turkish Second League 2019"]
[Site "Konya"]
[Date "2019.07.23"]
[Round "3"]
[White "Isik, Alparslan"]
[Black "Boz, Fatih Emre"]
[Result "1-0"]
[ECO "D83"]
[WhiteElo "2293"]
[BlackElo "1854"]
[Annotator "NA"]
[PlyCount "77"]
[EventDate "2019.07.22"]
[EventType "team-tourn"]
[EventCountry "TUR"]
[SourceTitle "playchess.com"]
[Source "ChessBase"]
[SourceQuality "1"]
[TimeControl "5400+30"]

1. d4 Nf6 2. c4 g6 3. Nc3 d5 4. Bf4 Bg7 5. e3 O-O 6. Rc1 Na6 7. Nf3 c6 8. cxd5 Nxd5 9. Be5 Nac7 10. Be2 Nxc3 11. bxc3 Bxe5 12. Nxe5 f6 13. Nc4 Nb5 14. h4 Nd6 15. h5 Be6 16. Nxd6 Qxd6 17. Qd2 g5 18. e4 Kh8 19. g3 Rad8 20. O-O h6 21. Rb1 b6 22. a4 Bg8 23. a5 c5 24. axb6 axb6 25. d5 Bh7 26. Bf3 Rb8 27. c4 f5 28. Qc3+ Kg8 29. e5 Qd7 30. Rbd1 f4 31. g4 Rfd8 32. d6 exd6 33. Rxd6 Qg7 34. Qd2 Re8 35. Re1 Kh8 36. Rd7 Re7 37. Rd8+ Rxd8 38. Qxd8+ Bg8 39. Bd5 1-0

[Event "Turkish Second League 2019"]
[Site "Konya"]
[Date "2019.07.23"]
[Round "3"]
[White "Lomsadze, Davit"]
[Black "Konduk, Bekir Sami"]
[Result "1-0"]
[ECO "A05"]
[WhiteElo "2292"]
[BlackElo "1951"]
[Annotator "NA"]
[PlyCount "115"]
[EventDate "2019.07.22"]
[EventType "team-tourn"]
[EventCountry "TUR"]
[SourceTitle "playchess.com"]
[Source "ChessBase"]
[SourceQuality "1"]
[TimeControl "5400+30"]

1. Nf3 Nf6 2. g3 b5 3. Bg2 Bb7 4. O-O d5 5. d3 Nbd7 6. Nbd2 e5 7. e4 Bd6 8. exd5 Bxd5 9. Re1 O-O 10. b3 Rb8 11. Bb2 Re8 12. h3 Ba8 13. Ne4 Nxe4 14. dxe4 Nf6 15. Nd2 Bb4 16. c3 Bc5 17. Qe2 Qd6 18. Rad1 Qc6 19. b4 Bf8 20. Nb3 Nd7 21. a3 Nb6 22. Na5 Qe6 23. Qxb5 c5 24. Qe2 c4 25. Bc1 Rbc8 26. Be3 Rc7 27. Rd2 h6 28. Qg4 Qxg4 29. hxg4 Be7 30. f3 Rec8 31. Bf1 Bg5 32. Bxg5 hxg5 33. Red1 Kf8 34. Kf2 Ke7 35. Ke3 f6 36. Ra1 Na4 37. Rc1 Nb6 38. Be2 Rh8 39. Bf1 Rhc8 40. b5 Rc5 41. Rb1 Na4 42. Rb4 Nb6 43. a4 R8c7 44. Ra2 Ke6 45. Rh2 Rc8 46. Kd2 R5c7 47. Kc2 Ke7 48. Kb2 Ke6 49. Ka3 Ke7 50. Rbb2 Ke6 51. Kb4 Ke7 52. Be2 Ke6 53. Rb1 Ke7 54. Rbh1 Kf7 55. Rh8 Ke7 56. Rxc8 Rxc8 57. Bxc4 Rd8 58. Bb3 1-0

[Event "Turkish Second League 2019"]
[Site "Konya"]
[Date "2019.07.23"]
[Round "3"]
[White "Babayev, Talib"]
[Black "Ozsakallioglu, Okan"]
[Result "1/2-1/2"]
[ECO "B72"]
[WhiteElo "2274"]
[BlackElo "2243"]
[Annotator "NA"]
[PlyCount "98"]
[EventDate "2019.07.22"]
[EventType "team-tourn"]
[EventCountry "TUR"]
[SourceTitle "playchess.com"]
[Source "ChessBase"]
[SourceQuality "1"]
[TimeControl "5400+30"]

1. e4 c5 2. Nf3 d6 3. d4 cxd4 4. Nxd4 Nf6 5. Nc3 g6 6. Be3 Bg7 7. Be2 O-O 8. Qd2 Nc6 9. O-O-O Ng4 10. Bxg4 Bxg4 11. f3 Bd7 12. h4 Ne5 13. b3 b5 14. Kb1 a5 15. Bh6 Bxh6 16. Qxh6 f6 17. Ncxb5 a4 18. Nc3 Qa5 19. Qd2 Rfb8 20. Nd5 Qd8 21. Ne3 Ra7 22. b4 a3 23. c3 Rc7 24. Rc1 Rbc8 25. f4 Nc4 26. Nxc4 Rxc4 27. h5 Qc7 28. hxg6 hxg6 29. f5 Rxc3 30. fxg6 Rxc1+ 31. Qxc1 Qxc1+ 32. Rxc1 Rb8 33. Rc4 e5 34. Nc2 Be8 35. Nxa3 Bxg6 36. Kb2 Bf7 37. Kb3 Ra8 38. Nb5 Rxa2 39. Nxd6 Bxc4+ 40. Kxc4 Kf8 41. Kd5 Ke7 42. Nc8+ Kd8 43. Nb6 Rd2+ 44. Ke6 Rd4 45. Kf5 Rd2 46. Nd5 Rf2+ 47. Ke6 Rxg2 48. Kxf6 Kd7 49. Kxe5 Rb2 1/2-1/2

[Event "Turkish Second League 2019"]
[Site "Konya"]
[Date "2019.07.23"]
[Round "3"]
[White "Temizkan, Denizcan"]
[Black "Degirmenci, Yagiz"]
[Result "1-0"]
[ECO "E16"]
[WhiteElo "2202"]
[BlackElo "1923"]
[Annotator "NA"]
[PlyCount "103"]
[EventDate "2019.07.22"]
[EventType "team-tourn"]
[EventCountry "TUR"]
[SourceTitle "playchess.com"]
[Source "ChessBase"]
[SourceQuality "1"]
[TimeControl "5400+30"]

1. d4 Nf6 2. Nf3 e6 3. c4 b6 4. g3 Bb7 5. Bg2 Bb4+ 6. Bd2 Bxd2+ 7. Qxd2 d6 8. Nc3 Nbd7 9. O-O O-O 10. Rfd1 Qe7 11. b4 e5 12. d5 Ba6 13. Nb5 Bxb5 14. cxb5 a6 15. bxa6 Rxa6 16. Qc2 Ra7 17. Nd2 Rfa8 18. a4 Nb8 19. Nb1 b5 20. a5 Na6 21. Qb3 Qd7 22. h3 e4 23. Nc3 Re8 24. Rac1 h5 25. Rd4 c5 26. dxc6 Qxc6 27. Rcd1 Rd7 28. f3 Rc8 29. Nxe4 Nxe4 30. Rxe4 d5 31. Red4 Nc7 32. f4 Qe6 33. e4 Rcd8 34. exd5 Qf6 35. R4d3 Rd6 36. Qc3 Qe7 37. Qe5 Qd7 38. Qxh5 Na6 39. Rd4 Qa7 40. Kh2 Re8 41. Qf3 Qc7 42. Re4 Red8 43. Qe2 Qc3 44. Re8+ Rxe8 45. Qxe8+ Kh7 46. Be4+ Rg6 47. Bxg6+ fxg6 48. Qe2 Nxb4 49. d6 Nc6 50. a6 Nd4 51. Qf2 Ne6 52. d7 1-0

[Event "Turkish Second League 2019"]
[Site "Konya"]
[Date "2019.07.23"]
[Round "3"]
[White "Kara, Yanki"]
[Black "Buker, Muhittin"]
[Result "1-0"]
[ECO "A30"]
[WhiteElo "2193"]
[BlackElo "2016"]
[Annotator "NA"]
[PlyCount "61"]
[EventDate "2019.07.22"]
[EventType "team-tourn"]
[EventCountry "TUR"]
[SourceTitle "playchess.com"]
[Source "ChessBase"]
[SourceQuality "1"]
[TimeControl "5400+30"]

1. Nf3 Nf6 2. g3 b6 3. Bg2 Bb7 4. O-O e6 5. c4 c5 6. Nc3 Be7 7. d4 cxd4 8. Qxd4 d6 9. b3 O-O 10. Bb2 a6 11. Rfd1 Qc7 12. Rac1 Nc6 13. Qd2 Rac8 14. Nd5 exd5 15. cxd5 Qd7 16. dxc6 Rxc6 17. Ne5 dxe5 18. Qxd7 Nxd7 19. Bxc6 Bxc6 20. Rxc6 Nb8 21. Rc7 Bc5 22. Bxe5 h6 23. Rd3 a5 24. Bd6 Bxd6 25. Rxd6 Na6 26. Rcd7 Nb4 27. a4 Re8 28. Rd8 Kf8 29. Rxe8+ Kxe8 30. Rxb6 Kd7 31. Rxb4 1-0

[Event "Turkish Second League 2019"]
[Site "Konya"]
[Date "2019.07.23"]
[Round "3"]
[White "Alumert, Orkun Efe"]
[Black "Ozkeskin, Nazim Efe"]
[Result "1/2-1/2"]
[ECO "D02"]
[WhiteElo "2151"]
[BlackElo "1555"]
[Annotator "NA"]
[PlyCount "83"]
[EventDate "2019.07.22"]
[EventType "team-tourn"]
[EventCountry "TUR"]
[SourceTitle "playchess.com"]
[Source "ChessBase"]
[SourceQuality "1"]
[TimeControl "5400+30"]

1. Nf3 Nf6 2. g3 d5 3. Bg2 c5 4. O-O Nc6 5. d4 cxd4 6. Nxd4 e5 7. Nxc6 bxc6 8. c4 Bb7 9. cxd5 cxd5 10. Nc3 Qd7 11. Bg5 d4 12. Bxb7 Qxb7 13. Bxf6 gxf6 14. Qa4+ Qd7 15. Nb5 Rb8 16. Nc7+ Kd8 17. Qxd7+ Kxd7 18. Nd5 Rxb2 19. e4 Bc5 20. Nxf6+ Ke6 21. Nh5 d3 22. Ng7+ Kf6 23. Nf5 d2 24. Rfd1 Rc8 25. Kf1 Bb6 26. Ke2 Rc1 27. h4 Bxf2 28. Kf3 Rxa1 29. Rxa1 Rxa2 30. Rxa2 d1=Q+ 31. Kxf2 Qd3 32. Rxa7 Qxe4 33. Rxf7+ Ke6 34. Rf8 Qc2+ 35. Kf3 Qc6+ 36. Kg4 Qc4+ 37. Kg5 Qc1+ 38. Kh5 Qc5 39. Ng7+ Kd5 40. Rf5 Ke4 41. Kh6 Qe3+ 42. Kxh7 1/2-1/2

[Event "Turkish Second League 2019"]
[Site "Konya"]
[Date "2019.07.23"]
[Round "3"]
[White "Metin, Mehmet"]
[Black "Buyukasik, Diyap"]
[Result "1-0"]
[ECO "A33"]
[WhiteElo "2150"]
[BlackElo "2268"]
[Annotator "NA"]
[PlyCount "111"]
[EventDate "2019.07.22"]
[EventType "team-tourn"]
[EventCountry "TUR"]
[SourceTitle "playchess.com"]
[Source "ChessBase"]
[SourceQuality "1"]
[TimeControl "5400+30"]

1. c4 Nf6 2. Nc3 e6 3. e4 d6 4. d4 Be7 5. g3 O-O 6. Bg2 c5 7. Nge2 cxd4 8. Nxd4 a6 9. O-O Qc7 10. b3 Nc6 11. Bb2 Bd7 12. Rc1 Qa5 13. a3 Rac8 14. Nxc6 Bxc6 15. b4 Qb6 16. Qe2 Rfd8 17. Nd5 Bxd5 18. exd5 e5 19. Bh3 Ra8 20. Kh1 a5 21. bxa5 Rxa5 22. Bf5 g6 23. Bh3 Re8 24. f4 e4 25. Rfd1 Bd8 26. Bd4 Qa6 27. Qb2 Nh5 28. Bd7 Rf8 29. Bg4 Rxa3 30. Bxh5 gxh5 31. Qe2 f5 32. Qxh5 Rd3 33. Rxd3 exd3 34. Qd1 Qa3 35. Rc3 Qa2 36. Qxd3 Re8 37. Rc2 Qb1+ 38. Kg2 Re4 39. Bf2 b6 40. Qd2 Qb3 41. Qc3 Qa4 42. Rc1 Re2 43. Ra1 Qe8 44. Ra8 Kf7 45. Qd3 Kg6 46. Rxd8 Rxf2+ 47. Kxf2 Qxd8 48. Qe3 Qc8 49. Qxb6 Qxc4 50. Qxd6+ Kg7 51. Qd7+ Kg8 52. Qxf5 Qd4+ 53. Kg2 Qd2+ 54. Kh3 Qd4 55. Qe6+ Kf8 56. d6 1-0

[Event "Turkish Second League 2019"]
[Site "Konya"]
[Date "2019.07.23"]
[Round "3"]
[White "Altunbay, Onder"]
[Black "Ozdemir, Serhan Berat"]
[Result "1/2-1/2"]
[ECO "A48"]
[WhiteElo "1996"]
[BlackElo "1985"]
[Annotator "NA"]
[PlyCount "60"]
[EventDate "2019.07.22"]
[EventType "team-tourn"]
[EventCountry "TUR"]
[SourceTitle "playchess.com"]
[Source "ChessBase"]
[SourceQuality "1"]
[TimeControl "5400+30"]

1. d4 Nf6 2. Bf4 g6 3. e3 Bg7 4. Nf3 O-O 5. Be2 d6 6. h3 c5 7. Nc3 Nbd7 8. O-O a6 9. a4 b6 10. d5 Rb8 11. Bh2 Ne8 12. Bc4 Ne5 13. Nxe5 dxe5 14. Qe2 Nd6 15. e4 g5 16. Bd3 Kh8 17. Qh5 c4 18. Be2 Bf6 19. Qf3 Rg8 20. g4 Qc7 21. Qe3 Bd7 22. f3 Qc5 23. Nd1 Kg7 24. Kg2 Kh8 25. Kg1 Kg7 26. Kg2 Kh8 27. Kg1 Kg7 28. Kg2 Kh8 29. Ra3 Rgc8 30. Qxc5 bxc5 1/2-1/2

[Event "Turkish Second League 2019"]
[Site "Konya"]
[Date "2019.07.23"]
[Round "3"]
[White "Danaci, Ege"]
[Black "Uyan, Ata Gunduz"]
[Result "1/2-1/2"]
[ECO "B25"]
[WhiteElo "1976"]
[BlackElo "1781"]
[Annotator "NA"]
[PlyCount "77"]
[EventDate "2019.07.22"]
[EventType "team-tourn"]
[EventCountry "TUR"]
[SourceTitle "playchess.com"]
[Source "ChessBase"]
[SourceQuality "1"]
[TimeControl "5400+30"]

1. e4 c5 2. Nc3 a6 3. g3 Nc6 4. Bg2 g6 5. d3 Bg7 6. f4 d6 7. Nf3 e6 8. O-O Nge7 9. Be3 O-O 10. Rb1 Nd4 11. Ne2 Nec6 12. c3 Nxf3+ 13. Bxf3 Qe7 14. d4 b6 15. e5 d5 16. g4 cxd4 17. Nxd4 Nxd4 18. Bxd4 Rb8 19. Qe2 f5 20. exf6 Bxf6 21. Rbe1 Bxd4+ 22. cxd4 Qf6 23. Qd3 Qxf4 24. Bg2 Qd6 25. Rxf8+ Qxf8 26. Rf1 Qe7 27. Qg3 Rb7 28. Rc1 Bd7 29. g5 Qg7 30. Qe3 Qf8 31. Bh3 Qd6 32. Re1 Rc7 33. Bxe6+ Qxe6 34. Qxe6+ Bxe6 35. Rxe6 Rc1+ 36. Kf2 Rc2+ 37. Re2 Rxe2+ 38. Kxe2 Kf7 39. Ke3 1/2-1/2

[Event "Turkish Second League 2019"]
[Site "Konya"]
[Date "2019.07.23"]
[Round "3"]
[White "Buke, Furkan"]
[Black "Derbentli, Cemil Furkan"]
[Result "1-0"]
[ECO "B18"]
[WhiteElo "1959"]
[BlackElo "1398"]
[Annotator "NA"]
[PlyCount "85"]
[EventDate "2019.07.22"]
[EventType "team-tourn"]
[EventCountry "TUR"]
[SourceTitle "playchess.com"]
[Source "ChessBase"]
[SourceQuality "1"]
[TimeControl "5400+30"]

1. e4 c6 2. d4 d5 3. Nc3 dxe4 4. Nxe4 Bf5 5. Nc5 e5 6. Nxb7 Qb6 7. Nc5 Bxc5 8. dxc5 Qxc5 9. c3 Nf6 10. Be3 Qe7 11. Bd3 e4 12. Bc4 O-O 13. Ne2 Ng4 14. Ng3 Nxe3 15. fxe3 Bg6 16. O-O Nd7 17. Qe2 Rab8 18. Rf4 Nc5 19. Raf1 Rbe8 20. Nf5 Qe5 21. Nh4 Ne6 22. Nxg6 hxg6 23. R4f2 Re7 24. Qg4 Qc5 25. Qxe4 Ng5 26. Qd4 Qa5 27. Bb3 Re4 28. Rxf7 Rxd4 29. Rxf8+ Kh7 30. exd4 Ne4 31. R8f4 Nf6 32. Re1 Qg5 33. Ref1 Nh5 34. R4f3 Qd2 35. g4 Qxb2 36. gxh5 gxh5 37. R1f2 Qc1+ 38. Kg2 h4 39. Rf4 Qxc3 40. Rxh4+ Kg6 41. Bf7+ Kg5 42. Rh5+ Kg4 43. h3+ 1-0

[Event "Turkish Second League 2019"]
[Site "Konya"]
[Date "2019.07.23"]
[Round "3"]
[White "Demirag, Batuhan"]
[Black "Aydin, Akin"]
[Result "1-0"]
[ECO "A13"]
[WhiteElo "1939"]
[BlackElo "1726"]
[Annotator "NA"]
[PlyCount "68"]
[EventDate "2019.07.22"]
[EventType "team-tourn"]
[EventCountry "TUR"]
[SourceTitle "playchess.com"]
[Source "ChessBase"]
[SourceQuality "1"]
[TimeControl "5400+30"]

1. Nf3 d5 2. c4 e6 3. b3 Nf6 4. Bb2 c5 5. g3 d4 6. Bg2 Nc6 7. O-O Bd6 8. e3 e5 9. exd4 cxd4 10. d3 O-O 11. a3 a5 12. Nbd2 Nd7 13. Re1 f5 14. h4 h6 15. h5 Nc5 16. Qe2 Qf6 17. Nh4 Be6 18. Bxc6 bxc6 19. b4 Na4 20. Bxd4 axb4 21. Bxe5 Bxe5 22. Qxe5 Qxe5 23. Rxe5 Bf7 24. axb4 Nb2 25. Rxa8 Rxa8 26. Ra5 Rd8 27. Nxf5 Rxd3 28. Ra8+ Kh7 29. Ra7 Kg8 30. Ne4 Nxc4 31. Nf6+ gxf6 32. Nxh6+ Kg7 33. Nxf7 Ra3 34. Rc7 Ra8 1-0

[Event "Turkish Second League 2019"]
[Site "Konya"]
[Date "2019.07.23"]
[Round "3"]
[White "Abdimanoglu, Beste Basak"]
[Black "Guclu, Yagmur"]
[Result "1-0"]
[ECO "D17"]
[WhiteElo "1898"]
[BlackElo "1516"]
[Annotator "NA"]
[PlyCount "105"]
[EventDate "2019.07.22"]
[EventType "team-tourn"]
[EventCountry "TUR"]
[SourceTitle "playchess.com"]
[Source "ChessBase"]
[SourceQuality "1"]
[TimeControl "5400+30"]

1. d4 d5 2. c4 c6 3. Nf3 Nf6 4. Nc3 dxc4 5. a4 Bf5 6. Ne5 Nbd7 7. Nxc4 Qc7 8. f3 e6 9. e4 Bg6 10. Be3 Be7 11. Be2 Rd8 12. Qc1 O-O 13. O-O Nb6 14. Rd1 Nxc4 15. Bxc4 a5 16. Ne2 h6 17. Nf4 Bh7 18. Bxe6 fxe6 19. Nxe6 Qd7 20. Nxf8 Rxf8 21. Qc4+ Kh8 22. Qe2 Rd8 23. Kh1 Bg8 24. Qf2 Rf8 25. Qe1 Bb4 26. Qh4 Bh7 27. Bd2 Bxd2 28. Rxd2 Rd8 29. Re1 Re8 30. Qf2 Bg8 31. d5 cxd5 32. e5 Nh7 33. Qb6 Qxa4 34. Qxb7 Be6 35. b3 Qb4 36. Qxb4 axb4 37. Rd4 Rb8 38. f4 h5 39. Rf1 g6 40. Ra1 Nf8 41. Ra4 Nd7 42. Raxb4 Rxb4 43. Rxb4 Kg8 44. Kg1 Kf8 45. Kf2 Ke8 46. Ke3 Kd8 47. Kd4 Kc7 48. Ra4 Kb7 49. Ra1 Kc7 50. Ra7+ Kd8 51. b4 Kc8 52. Ra6 Bf7 53. e6 1-0

[Event "Turkish Second League 2019"]
[Site "Konya"]
[Date "2019.07.23"]
[Round "3"]
[White "Sade, Defne"]
[Black "Acar, Ilayda"]
[Result "1-0"]
[ECO "B90"]
[WhiteElo "1897"]
[BlackElo "1346"]
[Annotator "NA"]
[PlyCount "79"]
[EventDate "2019.07.22"]
[EventType "team-tourn"]
[EventCountry "TUR"]
[SourceTitle "playchess.com"]
[Source "ChessBase"]
[SourceQuality "1"]
[TimeControl "5400+30"]

1. e4 c5 2. Nf3 d6 3. d4 cxd4 4. Nxd4 Nf6 5. Nc3 a6 6. Bc4 e5 7. Nde2 Be6 8. Bb3 Be7 9. Ng3 O-O 10. O-O Nbd7 11. h3 Nc5 12. Bg5 Nxb3 13. axb3 b5 14. Bxf6 Bxf6 15. Nd5 Be7 16. Qd3 Bxd5 17. Qxd5 g6 18. Rfd1 Qc7 19. c3 Rfd8 20. Qd2 Qc6 21. Qd3 Rac8 22. Qf3 Bf8 23. Rd5 Bg7 24. Rad1 Rc7 25. h4 Qb6 26. Nf1 Rcd7 27. Ne3 Bh6 28. Ng4 Bg7 29. h5 f5 30. exf5 gxh5 31. Ne3 Bh6 32. R5d3 Bxe3 33. Rxe3 Rg7 34. Qxh5 a5 35. Rdd3 Qc6 36. Rg3 Rxg3 37. Rxg3+ Kh8 38. Qg5 Qd7 39. Qf6+ Qg7 40. Qxg7# 1-0

[Event "Turkish Second League 2019"]
[Site "Konya"]
[Date "2019.07.23"]
[Round "3"]
[White "Ozbek, Busra"]
[Black "Catal, Uktenur"]
[Result "1-0"]
[ECO "A47"]
[WhiteElo "1866"]
[BlackElo "1885"]
[Annotator "NA"]
[PlyCount "87"]
[EventDate "2019.07.22"]
[EventType "team-tourn"]
[EventCountry "TUR"]
[SourceTitle "playchess.com"]
[Source "ChessBase"]
[SourceQuality "1"]
[TimeControl "5400+30"]

1. d4 Nf6 2. Nf3 e6 3. e3 b6 4. Bd3 Bb7 5. b3 c5 6. Bb2 Nc6 7. a3 Be7 8. O-O O-O 9. c4 Rc8 10. Nc3 d5 11. cxd5 exd5 12. Bf5 Ra8 13. Rc1 cxd4 14. exd4 g6 15. Bb1 Nh5 16. b4 Bf6 17. Ba2 Ne7 18. Re1 Bg7 19. Ne5 Nf4 20. Qf3 Ne6 21. Rcd1 h5 22. Bb1 a6 23. Bc1 Qd6 24. Qe3 Rae8 25. b5 Nc7 26. bxa6 Bxa6 27. Qg3 Nc6 28. f4 Na5 29. Na2 Nb5 30. Nb4 Bb7 31. Qd3 Nc7 32. Be3 Rc8 33. Bf2 Ne6 34. f5 Ng5 35. fxg6 f6 36. Nf7 Nxf7 37. gxf7+ Rxf7 38. Qh7+ Kf8 39. Bf5 Re8 40. Rxe8+ Kxe8 41. Bg6 Kf8 42. Bxf7 Kxf7 43. Qxh5+ Kg8 44. Re1 1-0